 Dungeon Crawl Stone Soup version 0.29-a0-643-ga013cefcf8 (webtiles) character file.

Game seed: 15526364660344016826

833 HoaS the Archer (level 7, -5/40 HPs)
             Began as a Gargoyle Hunter on June 19, 2022.
             Slain by a hornet (12 damage)
             ... on level 4 of the Dungeon.
             The game lasted 00:07:15 (3604 turns).

HoaS the Archer (Gargoyle Hunter)                   Turns: 3604, Time: 00:07:15

Health: -5/40      AC:  9    Str: 14    XL:     7   Next: 98%
Magic:  7/7        EV: 11    Int: 10    God:
Gold:   160        SH:  0    Dex: 15    Spells: 6/6 levels left

rFire   . . .      SeeInvis .   a - +2 shortbow
rCold   + . .      Faith    .   (shield currently unavailable)
rNeg    + . .      Spirit   .   b - +0 leather armour
rPois   ∞          Reflect  .   o - +1 helmet
rElec   +          Harm     .   (no cloak)
rCorr   .          Rampage  .   (no gloves)
Will    .....                   (no boots)
Stlth   ++........              p - amulet of regeneration
HPRegen 0.93/turn               e - ring of protection from cold
MPRegen 0.10/turn               h - ring of flight

@: mighty, flying
A: sickness immunity, AC +4, negative energy resistance 1, electricity
resistance, torment resistance 1, petrification resistance
a: no special abilities


You were on level 4 of the Dungeon.
You visited 1 branch of the dungeon, and saw 4 of its levels.

You collected 160 gold pieces.

Inventory:

Hand Weapons
 a - a +2 shortbow (weapon)
Armour
 b - a +0 leather armour (worn)
 o - a +1 helmet (worn)
Jewellery
 e - a ring of protection from cold (left hand)
 h - a ring of flight (right hand)
 p - an amulet of regeneration (around neck)
Scrolls
 c - 2 scrolls of immolation
 f - a scroll of teleportation
 l - a scroll of poison {unknown}
Potions
 d - a potion of heal wounds {unknown}
 g - a potion of cancellation
 i - a potion of attraction {unknown}
 k - a potion of flight
 n - 3 potions of ambrosia {unknown}
 q - a potion of haste {unknown}


   Skills:
 - Level 2.1 Fighting
 + Level 9.6 Bows
 - Level 1.5 Dodging
 - Level 1.1 Stealth


You had 6 spell levels left.
You didn't know any spells.
Your spell library contained the following spells:

 Spells                   Type           Power      Damage    Failure   Level
 Sting                    Tmut/Pois      0%         1d3       43%         1
 Poisonous Vapours        Pois/Air       0%         N/A       58%         2
 Confusing Touch          Hex            0%         N/A       82%         3
 Gell's Gravitas          Tloc           0%         N/A       82%         3
 Lesser Beckoning         Tloc           0%         N/A       82%         3
 Teleport Other           Tloc           0%         N/A       82%         3
 Olgreb's Toxic Radiance  Pois           0%         N/A       99%         4
 Yara's Violent Unravell  Hex/Tmut       0%         3d3       100%        5
 Enfeeble                 Hex            0%         N/A       100%        7


Dungeon Overview and Level Annotations

Branches:
Dungeon (4/15)
 Temple: D:4-7

Altars:


Innate Abilities, Weirdness & Mutations

You are immune to sickness and miasma.
Your stone body is resilient. (AC +4)
You are immune to poison.
You resist negative energy. (rN+)
You are resistant to electric shocks. (rElec)
You are resistant to unholy torment.
You are immune to petrification.


Message History

The hornet stings you but does no damage. x2
Shoot: a) +2 shortbow
Press: ? - help, Q - select action Shift-Dir - straight line, f/p - hornet
Aim: a hornet (moderately wounded, 54% to hit)
You shoot an arrow. The arrow hits the hornet.
The hornet is heavily wounded.
The hornet stings you but does no damage.
Shoot: a) +2 shortbow
Press: ? - help, Q - select action Shift-Dir - straight line, f/p - hornet
Aim: a hornet (heavily wounded, 54% to hit)
You shoot an arrow. The arrow misses the hornet.
The hornet stings you but does no damage.
The hornet stings you!
Shoot: a) +2 shortbow
Press: ? - help, Q - select action Shift-Dir - straight line, f/p - hornet
Aim: a hornet (heavily wounded, 54% to hit)
You shoot an arrow. The arrow misses the hornet.
The hornet stings you but does no damage.
Shoot: a) +2 shortbow
Press: ? - help, Q - select action Shift-Dir - straight line, f/p - hornet
Aim: a hornet (heavily wounded, 54% to hit)
You shoot an arrow.
The arrow hits the hornet but does no damage.
The hornet is heavily wounded.
The hornet stings you but does no damage.
The hornet closely misses you.
Shoot: a) +2 shortbow
Press: ? - help, Q - select action Shift-Dir - straight line, f/p - hornet
Aim: a hornet (heavily wounded, 54% to hit)
You shoot an arrow. The arrow hits the hornet.
The hornet is heavily wounded.
The hornet stings you. The hornet stings you!
* * * LOW HITPOINT WARNING * * *
Shoot: a) +2 shortbow
Press: ? - help, Q - select action Shift-Dir - straight line, f/p - hornet
Aim: a hornet (heavily wounded, 54% to hit)
You shoot an arrow. The arrow hits the hornet.
The hornet is heavily wounded.
The hornet stings you!
You die...

##.#####.#####.###...#..#######
##.......##...................#
.#######.##....###.####.#####.##
.# #...###.# #.####.# #..# .#
###.# #.# #......# ##.#
.#######...###.########## #.#
......##.##...###.....# #.#
......##.###..###.....# #.#
....†.##.##....y@.....# #.#
....))##.#....###.....# #.#
.†....##.#....###.....# ###.#
.#.##.##.......######## #...#
.#.##........#.########## #.###
.>.....##'##....##...[..# #.#
....####...####.....###.# #.#
..###..#.g.#..###...# #.# #.#
.##.#..# J.#..#.##..# #.####.#


You could see a hornet.

Vanquished Creatures
  Menkaure (D:4)
  An orc warrior (D:4)
  An ogre (D:4)
  A phantom (D:4)
  A scorpion (D:4)
  2 hounds (D:4)
  2 orc priests
  Natasha (thrice) (D:2)
  An orc wizard (D:4)
  Robin (D:3)
  9 adders
  An ufetubus (D:4)
  2 worms
  A dart slug (D:4)
  4 orcs
  7 bats
  8 endoplasms
  A giant cockroach (D:1)
  14 goblins
  7 hobgoblins
  4 jackals (D:1)
  2 quokkas
  5 ball pythons
  4 frilled lizards (D:3)
  9 kobolds
  8 rats
100 creatures vanquished.

Notes
Turn   | Place    | Note
-------+----------+-------------------------------------------
     0 | D:1      | HoaS the Gargoyle Hunter began the quest for the Orb.
     0 | D:1      | Reached XP level 1. HP: 12/12 MP: 1/1
    74 | D:1      | Reached XP level 2. HP: 14/17 MP: 2/2
  1169 | D:2      | Reached skill level 5 in Bows
  1169 | D:2      | Reached XP level 3. HP: 19/21 MP: 3/3
  1447 | D:2      | Reached XP level 4. HP: 5/26 MP: 4/4
  1724 | D:2      | Noticed Natasha
  1749 | D:2      | Killed Natasha
  1947 | D:2      | Noticed Natasha
  1952 | D:2      | Killed Natasha
  1953 | D:2      | Reached skill level 6 in Bows
  1953 | D:2      | Reached XP level 5. HP: 30/30 MP: 5/5
  1986 | D:2      | Noticed Natasha
  1989 | D:2      | Killed Natasha
  2085 | D:3      | Found a faded altar of an unknown god.
  2746 | D:4      | Noticed an orc warrior
  2750 | D:3      | Reached skill level 7 in Bows
  2750 | D:3      | Reached XP level 6. HP: 35/35 MP: 6/6
  2877 | D:4      | HP: 1/35 [ogre/+0 giant club (20)]
  3014 | D:4      | Noticed Menkaure
  3020 | D:4      | Killed Menkaure
  3021 | D:4      | Reached skill level 8 in Bows
  3021 | D:4      | Reached XP level 7. HP: 35/40 MP: 7/7
  3205 | D:4      | Reached skill level 9 in Bows
  3242 | D:4      | Noticed Robin
  3280 | D:3      | Killed Robin
  3582 | D:4      | Noticed a hornet
  3604 | D:4      | Slain by a hornet

Illustrated notes

Levels and vault maps discovered:
D:1:      lightli_arrival_flooded_house, layout_basic,
          minmay_misc_feat_secret_circle, minmay_parallelograms
D:2:      layout_loops_ring, uniq_natasha
D:3:      layout_loops_ring, nicolae_ecumenical_oubliette, skrybe_limestone_x,
          chequers_serial_rivers_room_a
D:4:      layout_loops_cross, minmay_divided_ellipse, uniq_robin, uniq_menkaure

Skill      XL: |  1  2  3  4  5  6  7 |
---------------+----------------------+-----
Bows           | 5 6 7 8 9 |  9.6
Fighting       | |  2.1
Dodging        | |  1.5
Stealth        | |  1.1

Action                   |  1- 3 |  4- 6 |  7- 9 || total
-------------------------+-------+-------+-------++-------
 Fire: Shortbow          |   100 |   116 |   136 ||   352
  Use: Scroll            |     9 |     5 |     1 ||    15
       Potion            |       |     2 |     3 ||     5
Armor: Leather armour    |    27 |    25 |    50 ||   102
Dodge: Dodged            |    27 |    31 |    60 ||   118

Table legend: (Time is in decaauts)
 A = Elapsed time spent in this place.
 B = Non-inter-level travel time spent in this place.
 C = Inter-level travel time spent in this place.
 D = Time resting spent in this place.
 E = Time spent auto-exploring this place.
 F = Levels seen in this place.
 G = Mean time per level.
                   A        B        C        D        E       F      G
               +--------+--------+--------+--------+--------+-----+--------+
         Total |   3669 |   3504 |    165 |    523 |   2319 |   4 |  917.2 |
       Dungeon |   3669 |   3504 |    165 |    523 |   2319 |   4 |  917.2 |
               +--------+--------+--------+--------+--------+-----+--------+

Top non-repeatable levels by time:
     D:2: 1141 daAuts
     D:1: 1019 daAuts
     D:4: 788 daAuts
     D:3: 720 daAuts
